 Dungeon Crawl Stone Soup version 0.22-a0-525-gf69a0803ab (webtiles) character file.

18 Foic the Cudgeler (level 2, -17/29 HPs)
             Began as a Troll Berserker on June 21, 2018.
             Was a Follower of Trog.
             Demolished by a kobold
             ... wielding a +0 dagger of electrocution
              (20 damage)
             ... on level 1 of the Dungeon.
             The game lasted 00:02:01 (478 turns).

Foic the Cudgeler (Troll Berserker)                  Turns: 478, Time: 00:02:02

Health: -17/29     AC:  5    Str: 24    XL:     2   Next: 51%
Magic:  1/1        EV: 10    Int:  3    God:    Trog [*.....]
Gold:   28         SH:  0    Dex:  9    Spells: 1/1 levels left

rFire    . . .     SeeInvis .   a - +0 mace
rCold    . . .     Gourm    +   (no shield)
rNeg     . . .     Faith    .   b - +0 animal skin
rPois    .         Spirit   .   (helmet restricted)
rElec    .         Reflect  .   (no cloak)
rCorr    .         Harm     .   (gloves unavailable)
MR       .....                  (boots unavailable)
Stlth    +.........             (no amulet)
HPRegen  0.49/turn              (no ring)
MPRegen  0.07/turn              (no ring)

@: no status effects
A: large, unfitting armour, claws 3, fast metabolism 3, gourmand, regeneration
1, shaggy fur 1, tough skin 2
a: Berserk, Renounce Religion


You were on level 1 of the Dungeon.
You worshipped Trog.
Trog was aware of your devotion.
You were full.

You visited 1 branch of the dungeon, and saw 1 of its levels.

You collected 28 gold pieces.

Inventory:

Hand Weapons
 a - a +0 mace (weapon)
Missiles
 g - 2 stones (quivered)
Armour
 b - a +0 animal skin (worn)
 e - a cursed +0 robe
Scrolls
 f - a scroll of teleportation {unknown}
Potions
 d - a potion of flight {unknown}
Comestibles
 c - 4 rations


   Skills:
 + Level 2.6 Fighting
 + Level 3.0 Maces & Flails
 + Level 2.7 Dodging


You had one spell level left.
You didn't know any spells.
Your spell library was empty.

Dungeon Overview and Level Annotations

Branches:
Dungeon (1/15)

Altars:


Innate Abilities, Weirdness & Mutations

You are too large for most types of armour.
You have claws for hands.
Your metabolism is lightning-fast.
You like to eat raw meat.
Your natural rate of healing is unusually fast.
You are covered in fur. (AC +1)
You have very tough skin. (AC +2)


Message History

The kobold throws a stone.
The stone completely misses you.
You see here a stone.
Throwing (i - inventory)
g - a stone (quivered)
Press: ? - help, Shift-Dir - straight line
Okay, then.
g - 2 stones (gained 1)
The kobold hits you with a dagger of electrocution.
You hit the kobold but do no damage.
The kobold hits you with a dagger of electrocution.
You hit the kobold but do no damage. The kobold hits you but does no damage.
You are electrocuted!
Ouch! That really hurt!
* * * LOW HITPOINT WARNING * * *
The kobold hits you but does no damage.
You closely miss the kobold.
The kobold hits you with a dagger of electrocution.
* * * LOW HITPOINT WARNING * * *
You are electrocuted!
Ouch! That really hurt!
You die...

##'## #.# #####.#
#...#.########
#.........#
##...####.#
#..### .#
#....###.###.#
#.###.@K......#
............#####
#############


You could see a kobold.

Vanquished Creatures
  A dart slug (D:1)
  A leopard gecko (D:1)
  3 goblins (D:1)
  4 hobgoblins (D:1)
  A kobold (D:1)
  2 bats (D:1)
  A giant cockroach (D:1)
  A rat (D:1)
14 creatures vanquished.

Notes
Turn   | Place    | Note
-------+----------+-------------------------------------------
     0 | D:1      | Foic the Troll Berserker began the quest for the Orb.
     0 | D:1      | Reached XP level 1. HP: 22/22 MP: 0/0
    63 | D:1      | Reached XP level 2. HP: 29/29 MP: 1/1
   120 | D:1      | Reached skill level 3 in Maces & Flails
   478 | D:1      | Demolished by a kobold

Vault maps used:
D:1:      ncdulo_watergridlock, due_unseen_surprise

Skill      XL: |  1  2 |
---------------+-------+-----
Maces & Flails | 3 |  3.0
Fighting       | |  2.6
Dodging        | |  2.7

Action                   || total
-------------------------++-------
Melee: Mace              ||    54
Throw: Stone             ||     3
  Eat: Chunk             ||     7
Armor: Animal skin       ||    23
Dodge: Dodged            ||    33

Table legend:
 A = Spawn XP
 B = Non-spawn XP
 C = Spawn XP percentage of total XP
 D = Spawn monster count
 E = Non-spawn monster count
 F = Spawn count percentage of total count
 G = Total turns spent on level
                    A         B        C        D         E        F      G
               +---------+---------+-------+---------+---------+-------+---------
         Total |       0 |      27 |   0.0 |       0 |      14 |   0.0 |   478
               +---------+---------+-------+---------+---------+-------+---------
           D:1 |       0 |      27 |   0.0 |       0 |      14 |   0.0 |   478
               +---------+---------+-------+---------+---------+-------+---------
